 Dungeon Crawl Stone Soup version 0.22-a0-565-gfc6459a (webtiles) character file.

4 Amnesiac the Chiller (level 1, 10/10 HPs)
             Began as a Spriggan Wanderer on June 28, 2018.
             Quit the game on level 2 of the Dungeon.
             The game lasted 00:00:38 (110 turns).

Amnesiac the Chiller (Spriggan Wanderer)             Turns: 110, Time: 00:00:38

Health: 10/10      AC:  2    Str:  8    XL:     1   Next: 58%
Magic:  1/4        EV: 17    Int: 14    God:
Gold:   33         SH:  0    Dex: 14    Spells: 2/3 levels left

rFire    . . .     SeeInvis +   d - +0 dagger
rCold    . . .     Gourm    .   (shield restricted)
rNeg     . . .     Faith    .   c - +0 robe
rPois    .         Spirit   .   (helmet restricted)
rElec    .         Reflect  .   (no cloak)
rCorr    .         Harm     .   (gloves unavailable)
MR       .....                  (boots unavailable)
Stlth    ++........             (no amulet)
HPRegen  0.03/turn              (no ring)
MPRegen  0.09/turn              (no ring)

@: very slightly contaminated, very quick
A: very small, unfitting armour, see invisible, herbivore, speed 3, slow
metabolism 2
a: no special abilities


You were on level 2 of the Dungeon.
You were not hungry.

You visited 1 branch of the dungeon, and saw 2 of its levels.

You collected 33 gold pieces.

Inventory:

Hand Weapons
 d - a +0 dagger (weapon)
Armour
 c - a +0 robe (worn)
Scrolls
 a - a scroll of identify {!r, unknown}
Potions
 b - 2 potions of curing {!q}
Comestibles
 f - a ration


   Skills:
 + Level 1.0 Fighting
 + Level 1.1 Throwing
 + Level 1.7 Dodging
 + Level 1.7 Stealth
 + Level 1.0 Unarmed Combat
 - Level 1.5 Spellcasting
 - Level 3.2 Ice Magic


You had 2 spell levels left.
You knew the following spells:

 Your Spells              Type           Power        Failure   Level  Hunger
a - Freeze                Ice            ##..         7%          1    ##.....

Your spell library contained the following spells:

 Spells                   Type           Power        Failure   Level  Hunger
 Throw Frost              Conj/Ice       #.....       19%         2    ###....
 Summon Ice Beast         Ice/Summ       #.......     77%         4    #####..
 Ozocubu's Armour         Chrm/Ice       #.......     36%         3    ####...
 Throw Icicle             Conj/Ice       #.......     77%         4    #####..


Dungeon Overview and Level Annotations

Branches:
Dungeon (2/15)

Altars:


Innate Abilities, Weirdness & Mutations

You are very small and have problems with some larger weapons.
You are too small for most types of armour.
You have supernaturally acute eyesight. (SInv)
You are a herbivore.
You cover ground extremely quickly.
You need to consume almost no food.


Message History

Confirm with . or Enter, or press ? or * to list all spells.
Aiming: Freeze (safe; 7% risk of failure)
Press: ? - help, Shift-Dir - straight line, f - kobold
Aim: a kobold You freeze the kobold.
You kill the kobold!
Things that are here:
a dagger; a goblin corpse
Okay, then.
You start resting.
Magic restored.
A frilled lizard comes into view.
A frilled lizard is nearby!
A rat comes into view.
The frilled lizard hisses angrily.
Found a stone staircase leading down.
The frilled lizard closely misses you.
Casting: Freeze (safe; 7% risk of failure)
Confirm with . or Enter, or press ? or * to list all spells.
Aiming: Freeze (safe; 7% risk of failure)
Press: ? - help, Shift-Dir - straight line, f - frilled lizard
Aim: a frilled lizard You freeze the frilled lizard.
You kill the frilled lizard!
You now have 29 gold pieces (gained 13).
There are no items here.
The rat bites you.
Casting: Freeze (safe; 7% risk of failure)
Confirm with . or Enter, or press ? or * to list all spells.
Aiming: Freeze (safe; 7% risk of failure)
Press: ? - help, Shift-Dir - straight line, f - rat
Aim: a rat You freeze the rat.
You kill the rat!
Training target 1.5 for Spellcasting reached!
You now have 33 gold pieces (gained 4).
There is a stone staircase leading down here.
You start resting.
HP restored.
You start resting.
Magic restored.
You climb downwards.
A ball python comes into view.
There is a stone staircase leading up here.
Casting: Freeze (safe; 7% risk of failure)
Confirm with . or Enter, or press ? or * to list all spells.
Aiming: Freeze (safe; 7% risk of failure)
Press: ? - help, Shift-Dir - straight line, f - ball python
Aim: a ball python (resting)
You freeze the ball python.
The ball python hisses angrily.
You kill the ball python!
You see here a ball python corpse.
A kobold comes into view.
A kobold is nearby!
Casting: Freeze (safe; 7% risk of failure)
Confirm with . or Enter, or press ? or * to list all spells.
Aiming: Freeze (safe; 7% risk of failure)
Press: ? - help, Shift-Dir - straight line, f - kobold
Aim: a kobold You miscast Freeze.
You are very lightly contaminated with residual magic.
Nothing appears to happen.
The kobold closely misses you.
Are you sure you want to abandon this character and quit the game? (Confirm with "yes".)

#############
#..†.<......#
#.#########.#
#.# #@# #K#
#.# #.# #.#
#.# #.. ###


You could see a kobold.

Vanquished Creatures
  A goblin (D:1)
  A ball python (D:2)
  A bat (D:1)
  A frilled lizard (D:1)
  A kobold (D:1)
  A rat (D:1)
6 creatures vanquished.

Notes
Turn   | Place    | Note
-------+----------+-------------------------------------------
     0 | D:1      | Amnesiac the Spriggan Wanderer began the quest for the Orb.
     0 | D:1      | Amnesiac set off with: 2 potions of curing {!q}, a +0 robe, a +0 dagger, a ration
     0 | D:1      | Reached XP level 1. HP: 10/10 MP: 3/3
     6 | D:1      | Learned a level 1 spell: Freeze
   110 | D:2      | Quit the game

Vault maps used:
D:1:      dpeg_arrival_rooms_a
D:2:      fedhas_altar_3, lemuel_crystal_altar

Action                   || total
-------------------------++-------
 Cast: Freeze            ||     6
Armor: Robe              ||     1
Dodge: Dodged            ||     5

Table legend:
 A = Spawn XP
 B = Non-spawn XP
 C = Spawn XP percentage of total XP
 D = Spawn monster count
 E = Non-spawn monster count
 F = Spawn count percentage of total count
 G = Total turns spent on level
                    A         B        C        D         E        F      G
               +---------+---------+-------+---------+---------+-------+---------
         Total |       0 |       7 |   0.0 |       0 |       6 |   0.0 |   110
               +---------+---------+-------+---------+---------+-------+---------
           D:1 |       0 |       6 |   0.0 |       0 |       5 |   0.0 |   101
           D:2 |       0 |       1 |   0.0 |       0 |       1 |   0.0 |     9
               +---------+---------+-------+---------+---------+-------+---------
